 Dungeon Crawl Stone Soup version 0.20-a0-1114-g33edf32 (webtiles) character file.

417 nubinia the Cutter (level 6, -1/47 HPs)
             Began as a Gnoll Artificer on May 6, 2017.
             Slain by an ogre
             ... wielding a +0 giant spiked club
              (22 damage)
             ... on level 5 of the Dungeon.
             The game lasted 00:22:00 (4572 turns).

nubinia the Cutter (Gnoll Artificer)                Turns: 4572, Time: 00:22:01

Health: -1/47      AC: 14    Str: 12    XL:     6   Next: 92%
Magic:  10/10      EV: 11    Int: 13    God:
Gold:   299        SH:  7    Dex: 14    Spells: 5/5 levels left

rFire    . . .     SeeInvis .   a - +3 mace (protect)
rCold    . . .     Gourm    .   I - +0 shield
rNeg     . . .     Faith    .   b - +0 leather armour
rPois    .         Spirit   .   s - +2 helmet
rElec    .         Reflect  .   z - +0 cloak
rCorr    .         Harm     .   (no gloves)
MR       .....                  (no boots)
Stlth    ++........             (no amulet)
Regen    0.2/turn               (no ring)
MPRegen  0.2/turn               (no ring)

@: protection aura, very slightly contaminated, invisible
A: short attention span, fangs 1, strong nose
a: no special abilities


You were on level 5 of the Dungeon.
You were not hungry.

You visited 1 branch of the dungeon, and saw 5 of its levels.

You collected 299 gold pieces.

Inventory:

Hand Weapons
 a - a +3 mace of protection (weapon)
 C - a +0 hunting sling
 J - a +1 short sword
Missiles
 g - 136 stones (quivered)
 u - 8 needles of confusion
 E - 5 silver tomahawks
 K - 3 tomahawks of returning
Armour
 b - a +0 leather armour (worn)
 s - a +2 helmet (worn)
 y - a +1 robe of the Archmagi
 z - a +0 cloak (worn)
 I - a +0 shield (worn)
 L - a +2 cloak
Jewellery
 l - an uncursed ring of ice
Wands
 c - a wand of flame (10/48)
 d - a wand of enslavement (12/24)
 e - a wand of random effects (4/48)
Scrolls
 h - a scroll of fog
 i - 2 scrolls of magic mapping {unknown}
 j - a scroll of recharging {unknown}
 k - a scroll of amnesia
 n - 3 scrolls of identify {unknown}
 o - a scroll of blinking {unknown}
 p - a scroll of teleportation
 q - a scroll of enchant armour
 r - a scroll of remove curse {unknown}
 t - a scroll of fear {unknown}
 B - a scroll of immolation {unknown}
 G - a scroll of noise {unknown}
Potions
 m - a potion of cancellation
 v - a potion of invisibility
 D - a potion of ambrosia {unknown}
 F - a potion of curing
Comestibles
 f - 3 bread rations
 A - 3 meat rations


   Skills:
 + Level 3.5 Fighting
 + Level 6.5 Short Blades
 + Level 0.4 Maces & Flails
 + Level 4.0 Armour
 + Level 5.2 Dodging
 + Level 2.9 Stealth
 + Level 1.2 Shields
 + Level 6.1 Evocations


You had 5 spell levels left.
You didn't know any spells.

Dungeon Overview and Level Annotations

Branches:
Dungeon (5/15)
 Temple: D:4-7

Altars:
The Shining One

Annotations:
D:2 Sigmund
D:3 exclusion: 2 orc priests
D:5 exclusions: ogre and sky beast


Innate Abilities, Weirdness & Mutations

You have a short attention span.
You have very sharp teeth.
Your uncanny sense of smell can sniff out nearby items.


Message History

You kill the shadow imp!
You fade into invisibility!
You block the ogre's attack.
You are very lightly contaminated with residual magic.
You hit the ogre.
Your weapon exudes an aura of protection.
You bite the ogre, but do no damage.
The ogre is lightly wounded.
The ogre barely misses you.
You sock the ogre!
The ogre is moderately wounded.
The ogre barely misses you.
You hit the ogre.
The ogre is heavily wounded.
The ogre barely misses you.
You catch the helpless ogre completely off-guard!
You hit the ogre. Your bite misses the ogre.
The ogre is severely wounded.
The ogre hits you with a giant spiked club!!
You die...

.....#.#..#..##.#
..........#.###.#
..............#.#
########......#.#.#
...........#.##.#.#
######...........#
#......#.#.##.###
#O###..#.#....#
##.@....#.######
#.......#.#
#.#.....#.#
#.#)###.#.# .....
#.#.# ####.#.#.#.#
....#.#.# #.# # #+#


You could see an ogre.

Vanquished Creatures
  A bullfrog (D:3)
  An orc priest (D:4)
  An orc wizard (D:3)
  Jessica (D:2)
  Natasha (D:2)
  An iguana (D:4)
  A worker ant (D:4)
  4 adders
  2 shadow imps (D:5)
  2 oozes
  4 worms
  3 dart slugs
  A leopard gecko (D:3)
  12 orcs
  A giant cockroach (D:3)
  3 goblins
  7 hobgoblins
  8 jackals
  4 kobolds
  A quokka (D:4)
  4 ball pythons
  6 bats
  3 frilled lizards
  A leopard gecko skeleton (D:4)
  5 rats
78 creatures vanquished.

Vanquished Creatures (collateral kills)
  A scorpion (D:4)
  An adder (D:2)
  An orc (D:4)
  A jackal (D:2)
  A ball python (D:2)
5 creatures vanquished.

Grand Total: 83 creatures vanquished

Notes
Turn   | Place    | Note
-------+----------+-------------------------------------------
     0 | D:1      | nubinia the Gnoll Artificer began the quest for the Orb.
     0 | D:1      | Reached XP level 1. HP: 16/16 MP: 3/3
    27 | D:1      | Reached skill level 5 in Evocations
   211 | D:1      | Reached XP level 2. HP: 22/22 MP: 5/5
   613 | D:1      | Reached skill level 1 in Armour
   665 | D:1      | Reached XP level 3. HP: 25/27 MP: 7/7
  1433 | D:2      | Reached XP level 4. HP: 13/33 MP: 8/8
  1866 | D:2      | Noticed Sigmund
  1980 | D:2      | Noticed Natasha
  2009 | D:2      | Killed Natasha
  2094 | D:2      | Noticed Jessica
  2158 | D:2      | Killed Jessica
  2158 | D:2      | Reached XP level 5. HP: 37/38 MP: 9/9
  2715 | D:3      | Reached skill level 5 in Short Blades
  3036 | D:3      | Reached XP level 6. HP: 47/47 MP: 10/10
  3160 | D:3      | Found a glowing golden altar of the Shining One.
  3515 | D:4      | Noticed a phantom
  3927 | D:4      | Reached skill level 5 in Dodging
  4366 | D:5      | Entered Level 5 of the Dungeon
  4367 | D:5      | Noticed a sky beast
  4396 | D:5      | HP: 2/47 [shadow imp/nerve-wracking pain (11)]
  4404 | D:5      | Reached skill level 1 in Shields
  4572 | D:5      | Slain by an ogre

Vault maps used:
D:1:      dpeg_arrival_simpleton_b
D:2:      hangedman_abyss_or_decor_stabs, uniq_jessica, uniq_sigmund,
          uniq_natasha
D:3:      first_bread, chequers_big_river, nicolae_tso_carved_into_rock
D:4:      minmay_opposing_rooms
D:5:      minmay_temple_entry_water_ring

Skill      XL: |  1  2  3  4  5  6 |
---------------+-------------------+-----
Evocations     | 5 6 |  6.1
Short Blades   | 2 3 4 5 6 |  6.5
Armour         | 1 2 3 4 |  4.0
Stealth        | 2 |  2.9
Dodging        | 4 5 |  5.2
Fighting       | 3 |  3.5
Shields        | 1 |  1.2
Maces & Flails | |  0.4

Action                   |  1- 3 |  4- 6 || total
-------------------------+-------+-------++-------
Melee: Short sword       |   135 |   230 ||   365
       Bite              |    14 |    22 ||    36
       Mace              |       |    43 ||    43
Throw: Stone             |       |     1 ||     1
Evoke: Wand              |     2 |    17 ||    19
  Use: Potion            |     1 |     4 ||     5
       Scroll            |       |     7 ||     7
 Stab: Sleeping          |     2 |     2 ||     4
       Invisible         |       |     1 ||     1
  Eat: Chunk             |     2 |    10 ||    12
Armor: Leather armour    |    29 |    49 ||    78
Dodge: Dodged            |    86 |   114 ||   200
Block: Shield            |       |    20 ||    20
